 Dungeon Sprint DCSS version 0.30-a0-883-g5ad918d77d (webtiles) character file.

Game seed: 8156228304604648364

348 sircluck the Basher (level 6, -7/44 HPs)
             Began as a Gargoyle Fighter on Mar 16, 2023.
             Killed from afar by a ynoxinul (21 damage)
             ... with an iron shot
             ... summoned by a kobold demonologist
             ... in the Dungeon (Sprint III: "The Ten Rune Challenge").
             The game lasted 00:02:31 (503 turns).

sircluck the Basher (Gargoyle Fighter)               Turns: 503, Time: 00:02:32

Health: -7/44      AC: 12    Str: 21    XL:     6   Next: 60%
Magic:  6/6        EV: 10    Int:  9    God:
Gold:   20         SH:  5    Dex:  9    Spells: 5/5 levels left

rFire   . . .      SeeInvis .    a - +0 flail
rCold   . . .      Faith    .    c - +0 buckler
rNeg    + . .      Spirit   .    b - +0 scale mail
rPois   ∞          Reflect  .    (no helmet)
rElec   +          Rampage  .    (no cloak)
rCorr   .          NoTele   +    (no gloves)
Will    .....                    (no boots) Stlth
                                 (no amulet)
HPRegen 0.27/turn                (no ring)
MPRegen 0.10/turn                (no ring)

@: no status effects
A: sickness immunity, AC +4, negative energy resistance 1, electricity
resistance, torment resistance 1, petrification resistance
a: no special abilities


You were in the Dungeon.
You visited 1 branch You collected 20 gold pieces.

Inventory:

Hand Weapons
 a - a +0 flail (weapon)
Armour
 b - a +0 scale mail (worn)
 c - a +0 buckler (worn)
Scrolls
 f - a scroll of poison {unknown}
 j - a scroll of blinking
 k - 3 scrolls of identify {unknown}
 m - a scroll of fear {unknown}
 n - a scroll of torment {unknown}
Potions
 d - 2 potions of might
 e - a potion of curing
 g - a potion of haste
 h - 2 potions of magic
 l - 5 potions of flight
 o - 7 potions of mutation


   Skills:
 + Level 7.2 Fighting
 + Level 8.3 Maces & Flails
 + Level 7.8 Armour
 + Level 1.9 Dodging
 + Level 1.2 Stealth
 + Level 7.1 Shields
 + Level 0.2 Evocations


You had 5 spell levels left.
You didn't know any spells.
Your spell library was empty.

Dungeon Overview and Level Annotations

Branches:
Dungeon (1/1)

Altars:
Dithmenos
Kikubaaqudgha
Okawaru
Ru
Sif Muna
Trog
Uskayaw
Vehumet
Wu Jian
Yredelemnul


Innate Abilities, Weirdness & Mutations

You are immune to sickness and miasma.
Your stone body is resilient. (AC +4)
You are immune to poison.
You resist negative energy. (rN+)
You are resistant to electric shocks. (rElec)
You are resistant to unholy torment.
You are immune to petrification.


Message History

The kobold demonologist is lightly wounded.
The ufetubus splashes around in the water.
The ufetubus barely misses you. You block the ufetubus's attack.
The ufetubus closely misses you.
The ufetubus splashes around in the water.
The ufetubus completely misses you.
The kobold demonologist looks satisfied for a moment.
You block the ynoxinul's attack.
Your unstable footing causes you to fumble your attack.
The ufetubus closely misses you.
The ufetubus hits you but does no damage. x2
You block the ufetubus's attack.
The kobold demonologist hits you but does no damage.
You block the ufetubus's attack.
The ufetubus hits you but does no damage.
The ynoxinul hits you.
You closely miss the kobold demonologist.
The kobold demonologist is lightly wounded.
The ufetubus misses you. The ufetubus closely misses you.
The ufetubus splashes around in the water.
You block the ufetubus's attack.
The ufetubus hits you but does no damage. x2
The kobold demonologist hits you but does no damage.
The ynoxinul hits you.
* * * LOW HITPOINT WARNING * * *
Your unstable footing causes you to fumble your attack.
The ufetubus splashes around in the water. x2
The ufetubus closely misses you.
The ufetubus hits you but does no damage.
The kobold demonologist misses you. The ynoxinul misses you.
Unknown command.
The ufetubus completely misses you. The ufetubus barely misses you.
The ufetubus hits you but does no damage. x2
The ufetubus splashes around in the water.
The ufetubus hits you but does no damage.
The ufetubus barely misses you. You block the ufetubus's attack.
The ufetubus barely misses you. x2
The ynoxinul gestures at you. The iron shot hits you!!
You die...

▓▓▓▓▓▓▓▓▓▓▓ ▓▓▓
▓<.#..'...♣♣ ♣.# ###
▓..#..#....♣♣♣ ♣♣.# #__
▓#'####......♣ ♣..# #__
▓.....#....~.♣♣♣..###+#)#
▓.....#.555~♣♣♣...#......
▓.....#.@3K5~♣♣♣..'5⌠....
▓####'#..~≈≈~~~...#...###
▓...)†#.~~≈~~~....#.⌠.#
▓.....#.~≈~~~.....#5..#
▓.....#.~~~.......#4###
▓'#####...........#55:#
▓.................#_K_#
▓▓▓▓▓▓▓▓▓▓▓▓▓▓▓▓▓▓▓▓▓▓▓


You could see a kobold demonologist, a ynoxinul (summoned) and 4 ufetubi.

Vanquished Creatures
  A water elemental (D)
  A necrophage (D)
  Jessica (D)
  A wizard (D)
  A necromancer (D)
  2 humans (D)
  A phantom (D)
  An endoplasm (D)
  2 rats (D)
11 creatures vanquished.

Vanquished Creatures (others)
  A human (D)
1 creature vanquished.

Grand Total: 12 creatures vanquished

Notes
Turn   | Place    | Note
-------+----------+-------------------------------------------
     0 | D        | sircluck the Gargoyle Fighter began the quest for the Orb.
     0 | D        | Reached XP level 1. HP: 14/14 MP: 1/1
    28 | D        | Noticed Jessica
    31 | D        | Killed Jessica
    32 | D        | Reached skill level 3 in Maces & Flails
    32 | D        | Reached XP level 2. HP: 20/20 MP: 2/2
    32 | D        | Reached XP level 3. HP: 24/24 MP: 3/3
   100 | D        | HP: 1/24 [human (5)]
   102 | D        | Reached skill level 5 in Fighting
   102 | D        | Reached skill level 5 in Armour
   102 | D        | Reached skill level 5 in Shields
   286 | D        | Noticed a water elemental
   293 | D        | Killed a water elemental
   294 | D        | Reached skill level 5 in Maces & Flails
   294 | D        | Reached XP level 4. HP: 32/32 MP: 4/4
   310 | D        | Found a basalt altar of Yredelemnul.
   310 | D        | Found a shadowy altar of Dithmenos.
   310 | D        | Found a sacrificial altar of Ru.
   310 | D        | Noticed a necrophage
   314 | D        | Reached XP level 5. HP: 31/36 MP: 5/5
   320 | D        | Reached skill level 6 in Maces & Flails
   320 | D        | Reached skill level 1 in Dodging
   331 | D        | Found a hide-covered altar of Uskayaw.
   331 | D        | Found an iron altar of Okawaru.
   331 | D        | Found a bloodstained altar of Trog.
   331 | D        | Found an ornate altar of the Wu Jian Council.
   331 | D        | Noticed a human
   332 | D        | Noticed a human
   345 | D        | Killed a human
   346 | D        | Reached skill level 8 in Maces & Flails
   346 | D        | Reached skill level 1 in Stealth
   346 | D        | Reached XP level 6. HP: 13/44 MP: 6/6
   462 | D        | Found a radiant altar of Vehumet.
   462 | D        | Found a shimmering blue altar of Sif Muna.
   462 | D        | Found an ancient bone altar of Kikubaaqudgha.
   468 | D        | Noticed an orange demon
   492 | D        | Noticed a ynoxinul
   503 | D        | Killed from afar by a ynoxinul

Illustrated notes

Levels and vault maps discovered:
D:        dungeon_sprint_mu [sprint_mu_entry_forest, sprint_mu_temple_rooms,
          sprint_mu_d1_horrors, sprint_mu_d2_genie, sprint_mu_d3_branching,
          sprint_mu_orc_legion, sprint_mu_elf_gauntlet, sprint_mu_hive_nellie,
          sprint_mu_lair_fedhas, sprint_mu_vaults_butterflies,
          sprint_mu_slime_circle, sprint_mu_swamp_cave, sprint_mu_shoals_archi,
          sprint_mu_blade_basic, sprint_mu_crypt_chambers,
          sprint_mu_tomb_spiral, sprint_mu_vestibule_basic,
          sprint_mu_gehenna_hellfire, sprint_mu_dis_giant,
          sprint_mu_tartarus_statrot, sprint_mu_cocytus_islands, sprint_mu_zot1]

Skill      XL: |  1  2  3  4  5 |
---------------+----------------+-----
Fighting       | 4 5 6 7 |  7.2
Maces & Flails | 3 5 8 |  8.3
Armour         | 4 6 7 |  7.8
Shields        | 4 5 6 7 |  7.1
Dodging        | 1 |  1.9
Stealth        | 1 |  1.2
Evocations     | |  0.2

Action                     |  1- 3 |  4- 6 || total
---------------------------+-------+-------++-------
  Melee: Flail             |    53 |    37 ||    90
  Evoke: Wand              |       |     3 ||     3
    Use: Potion            |     2 |       ||     2
 Armour: Scale mail        |    20 |    33 ||    53
  Dodge: Dodged            |    22 |    47 ||    69
  Block: Buckler           |    13 |    18 ||    31

Table legend: (Time is in decaauts)
 A = Elapsed time spent in this place.
 B = Non-inter-level travel time spent in this place.
 C = Inter-level travel time spent in this place.
 D = Time resting spent in this place.
 E = Time spent auto-exploring this place.
 F = Levels seen in this place.
 G = Mean time per level.
                   A        B        C        D        E       F      G
               +--------+--------+--------+--------+--------+-----+--------+
         Total |    533 |    533 |      0 |    212 |     54 |   1 |  533.0 |
       Dungeon |    533 |    533 |      0 |    212 |     54 |   1 |  533.0 |
               +--------+--------+--------+--------+--------+-----+--------+

Top non-repeatable levels by time:
       D: 533 daAuts
